EVO
RICE UNIVERSITY OWLS @ UNIVERSITY OF NORTH CAROLINA AT CHAPEL HILL TAR HEELS
09/15/2048
 
TOP OF THE 1ST
Rice University Owls batting - Pitching for University of North Carolina at Chapel Hill Tar Heels : RHP Didier Pages
Pitching: RHP Didier Pages
Batting: RHB Caleb Mercer 0-0: Foul Ball, location: 2F
0-1: Swinging Strike
0-2: Ball
1-2: Ball
2-2: Ball
3-2: Strikes out swinging
Batting: SHB Wendel van Baal 0-0: Ball
1-0: Ball
2-0: Called Strike
2-1: Fly out, F9 (Flyball, 9D, EV 91.9 MPH)
Batting: RHB Jose Soto 0-0: Swinging Strike
0-1: Called Strike
0-2: Ball
1-2: SINGLE (Line Drive, 5D, EV 96.2 MPH)
Batting: SHB Ken Wilson 0-0: Called Strike
0-1: Foul Ball, location: 2F
0-2: Strikes out swinging
Top of the 1st over - 0 runs, 1 hit, 0 errors, 1 left on base; Rice University 0 - University of North Carolina at Chapel Hill 0
BOTTOM OF THE 1ST
University of North Carolina at Chapel Hill Tar Heels batting - Pitching for Rice University Owls : RHP Cahya Sumual
Pitching: RHP Cahya Sumual
Batting: SHB Ryan Marsh 0-0: Called Strike
0-1: Ball
1-1: Ball
2-1: Ground out 4-3 (Groundball, 4, EV 83.8 MPH)
Batting: RHB Bill Atley 0-0: Ball
1-0: Foul Ball, location: 2F
1-1: Ball
2-1: Ball
3-1: Ground out U3 (Groundball, 3S, EV 84.4 MPH)
Batting: RHB Jeremy Rollins 0-0: Ground out 5-3 (Groundball, 5S, EV 69.4 MPH)
Bottom of the 1st over - 0 runs, 0 hits, 0 errors, 0 left on base; Rice University 0 - University of North Carolina at Chapel Hill 0
TOP OF THE 2ND
Rice University Owls batting - Pitching for University of North Carolina at Chapel Hill Tar Heels : RHP Didier Pages
Batting: SHB Dave Van Sickle 0-0: Swinging Strike
0-1: Swinging Strike
0-2: Foul Ball, location: 2F
0-2: Hit by Pitch
Batting: RHB Javier Quinones 0-0: Ball
1-0: Ball
2-0: Ball
3-0: Called Strike
3-1: Swinging Strike
3-2: SINGLE (Groundball, 6D, EV 103.1 MPH)
Dave Van Sickle to second
Batting: RHB Bill Turcotte 0-0: Ball
1-0: Fly out, F7 (Flyball, 78D, EV 103.8 MPH)
Runner from 2nd tags up, SAFE at 3rd with throw by LF
Batting: RHB Allen Jarvis 0-0: Called Strike
0-1: Ball
1-1: Ball
2-1: Ball
3-1: SINGLE (Groundball, 6S, EV 65.0 MPH) (infield hit)
Dave Van Sickle scores
Javier Quinones to second
Batting: RHB Emanuel Pulido 0-0: Ball
1-0: Foul Ball, location: 2F
1-1: SINGLE (Groundball, 56D, EV 96.2 MPH)
Javier Quinones to third
Allen Jarvis to second
Runner from 3rd tries for Home, SAFE, throw by LF to home
Batting: RHB Caleb Mercer 0-0: Called Strike
0-1: Grounds into double play, 5-4-3 (Groundball, 5, EV 89.4 MPH)
Top of the 2nd over - 2 runs, 3 hits, 0 errors, 1 left on base; Rice University 2 - University of North Carolina at Chapel Hill 0
BOTTOM OF THE 2ND
University of North Carolina at Chapel Hill Tar Heels batting - Pitching for Rice University Owls : RHP Cahya Sumual
Batting: SHB Jim Saxon 0-0: Called Strike
0-1: Ball
1-1: Swinging Strike
1-2: Fly out, F6 (Popup, 6, EV 62.5 MPH)
Batting: SHB Jonathan Barrie 0-0: Called Strike
0-1: Called Strike
0-2: Foul Ball, location: 2F
0-2: Ground out U3 (Groundball, 34, EV 89.4 MPH)
Batting: RHB Tony Jennings 0-0: Ball
1-0: Called Strike
1-1: Swinging Strike
1-2: Fly out, F9 (Line Drive, 9, EV 88.8 MPH)
Bottom of the 2nd over - 0 runs, 0 hits, 0 errors, 0 left on base; Rice University 2 - University of North Carolina at Chapel Hill 0
TOP OF THE 3RD
Rice University Owls batting - Pitching for University of North Carolina at Chapel Hill Tar Heels : RHP Didier Pages
Batting: SHB Wendel van Baal 0-0: Called Strike
0-1: Called Strike
0-2: Foul Ball, location: 2F
0-2: Ball
1-2: Strikes out swinging
Batting: RHB Jose Soto 0-0: Called Strike
0-1: Foul Ball, location: 2F
0-2: Ball
1-2: Ball
2-2: SINGLE (Line Drive, 56, EV 108.1 MPH)
Batting: SHB Ken Wilson 0-0: Called Strike
0-1: Ball
1-1: Ball
2-1: Ball
3-1: Foul Ball, location: 2F
3-2: Base on Balls
Jose Soto to second
Batting: SHB Dave Van Sickle 0-0: Ball
1-0: Called Strike
1-1: SINGLE (Line Drive, 78M, EV 103.1 MPH)
Jose Soto to third
Ken Wilson to second
Runner from 3rd tries for Home, throw by CF and OUT! 8-2
Batting: RHB Javier Quinones 0-0: Ball
1-0: Swinging Strike
1-1: Foul Ball, location: 2F
1-2: Strikes out swinging
Top of the 3rd over - 0 runs, 2 hits, 0 errors, 2 left on base; Rice University 2 - University of North Carolina at Chapel Hill 0
BOTTOM OF THE 3RD
University of North Carolina at Chapel Hill Tar Heels batting - Pitching for Rice University Owls : RHP Cahya Sumual
Batting: RHB Brandon Wilson 0-0: Ball
1-0: Swinging Strike
1-1: Fly out, F5 (Popup, 5S, EV 72.5 MPH)
Batting: LHB Juan Alvarado 0-0: Ball
1-0: Ball
2-0: Ground out 6-3 (Groundball, 6, EV 80.0 MPH)
Batting: RHB Michael Houseman 0-0: SINGLE (Line Drive, 5D, EV 103.1 MPH)
Batting: SHB Ryan Marsh 0-0: Ball
1-0: Foul Ball, location: 2F
1-1: Foul Ball, location: 2F
1-2: Strikes out looking
Bottom of the 3rd over - 0 runs, 1 hit, 0 errors, 1 left on base; Rice University 2 - University of North Carolina at Chapel Hill 0
TOP OF THE 4TH
Rice University Owls batting - Pitching for University of North Carolina at Chapel Hill Tar Heels : RHP Didier Pages
Batting: RHB Bill Turcotte 0-0: Ball
1-0: Ball
2-0: Foul Ball, location: 2F
2-1: Called Strike
2-2: Foul Ball, location: 2F
2-2: Fly out, F8 (Flyball, 8RM, EV 84.4 MPH)
Batting: RHB Allen Jarvis 0-0: Ball
1-0: Ball
2-0: Ball
3-0: Called Strike
3-1: SINGLE (Line Drive, 5D, EV 93.8 MPH)
Batting: RHB Emanuel Pulido 0-0: Ball
1-0: Fly out, F9 (Flyball, 9LD, EV 95.6 MPH)
Batting: RHB Caleb Mercer 0-0: Ball
1-0: Called Strike
1-1: Called Strike
1-2: Foul Ball, location: 2F
1-2: Ball
2-2: Strikes out swinging
Top of the 4th over - 0 runs, 1 hit, 0 errors, 1 left on base; Rice University 2 - University of North Carolina at Chapel Hill 0
BOTTOM OF THE 4TH
University of North Carolina at Chapel Hill Tar Heels batting - Pitching for Rice University Owls : RHP Cahya Sumual
Batting: RHB Bill Atley 0-0: Ball
1-0: Fly out, F4 (Popup, 4S, EV 78.1 MPH)
Batting: RHB Jeremy Rollins 0-0: Ball
1-0: Foul Ball, location: 2F
1-1: Called Strike
1-2: Ground out 6-3 (Groundball, 6, EV 95.6 MPH)
Batting: SHB Jim Saxon 0-0: Foul Ball, location: 2F
0-1: Ground out 5-3 (Groundball, 25, EV 86.9 MPH)
Bottom of the 4th over - 0 runs, 0 hits, 0 errors, 0 left on base; Rice University 2 - University of North Carolina at Chapel Hill 0
TOP OF THE 5TH
Rice University Owls batting - Pitching for University of North Carolina at Chapel Hill Tar Heels : RHP Didier Pages
Batting: SHB Wendel van Baal 0-0: Called Strike
0-1: Called Strike
0-2: Ball
1-2: Foul Ball, location: 2F
1-2: SINGLE (Line Drive, 7S, EV 98.8 MPH)
Batting: RHB Jose Soto 0-0: Called Strike
0-1: Foul Ball, location: 2F
0-2: Ball
1-2: Strikes out swinging
Batting: SHB Ken Wilson 0-0: Ball
1-0: Ball
2-0: Foul Ball, location: 2F
2-1: Foul Ball, location: 2F
2-2: Ball
3-2: Base on Balls
Wendel van Baal to second
Batting: SHB Dave Van Sickle 0-0: Ball
1-0: Ball
2-0: Ball
3-0: Called Strike
3-1: Foul Ball, location: 2F
3-2: Strikes out swinging
Batting: RHB Javier Quinones 0-0: Called Strike
0-1: Foul Ball, location: 2F
0-2: Ball
1-2: Ball
2-2: Ball
3-2: Base on Balls
Wendel van Baal to third
Ken Wilson to second
Batting: RHB Bill Turcotte 0-0: SINGLE (Groundball, 4MD, EV 100.0 MPH)
Wendel van Baal scores
Ken Wilson to third
Javier Quinones to second
Runner from 3rd tries for Home, SAFE, throw by CF to home
Batting: RHB Allen Jarvis 0-0: Called Strike
0-1: Foul Ball, location: 2F
0-2: Ball
1-2: Ball
2-2: Ball
3-2: Reached on error, E4 (Groundball, 4, EV 102.5 MPH)
Javier Quinones to third
Bill Turcotte to second
Pitching: RHP C.J. Dombrowski
Batting: RHB Emanuel Pulido 0-0: Ball
1-0: Foul Ball, location: 2F
1-1: Ball
2-1: Ball
3-1: Foul Ball, location: 2F
3-2: GRAND SLAM HOME RUN (Flyball, 7LD, EV 90.6 MPH), Distance : 337 ft
Batting: RHB Caleb Mercer 0-0: Ball
1-0: Fly out, F9 (Flyball, 9, EV 93.8 MPH)
Top of the 5th over - 6 runs, 3 hits, 1 error, 0 left on base; Rice University 8 - University of North Carolina at Chapel Hill 0
BOTTOM OF THE 5TH
University of North Carolina at Chapel Hill Tar Heels batting - Pitching for Rice University Owls : RHP Cahya Sumual
Batting: SHB Jonathan Barrie 0-0: Called Strike
0-1: Ball
1-1: Ball
2-1: Ball
3-1: Fly out, F4 (Popup, 34S, EV 71.2 MPH)
Batting: RHB Tony Jennings 0-0: Called Strike
0-1: Ball
1-1: SINGLE (Flyball, 3D, EV 94.4 MPH)
Batting: RHB Brandon Wilson 0-0: Called Strike
0-1: Ball
1-1: Swinging Strike
1-2: Strikes out swinging
Batting: LHB Juan Alvarado 0-0: Ball
1-0: Called Strike
1-1: Ground out 1-3 (Groundball, 34S, EV 68.8 MPH)
Bottom of the 5th over - 0 runs, 1 hit, 0 errors, 1 left on base; Rice University 8 - University of North Carolina at Chapel Hill 0
TOP OF THE 6TH
Rice University Owls batting - Pitching for University of North Carolina at Chapel Hill Tar Heels : RHP C.J. Dombrowski
Batting: SHB Wendel van Baal 0-0: Ball
1-0: Fly out, F8 (Flyball, 8LS, EV 81.9 MPH)
Batting: RHB Jose Soto 0-0: Ball
1-0: Foul Ball, location: 2F
1-1: Ball
2-1: Ball
3-1: Ground out 5-3 (Groundball, 56, EV 80.6 MPH)
Batting: SHB Ken Wilson 0-0: Called Strike
0-1: Called Strike
0-2: Ball
1-2: Foul Ball, location: 2F
1-2: Foul Ball, location: 2F
1-2: Foul Ball, location: 2F
1-2: SINGLE (Groundball, 6MS, EV 68.1 MPH) (infield hit)
Pitching: RHP Berry Dow
Batting: SHB Dave Van Sickle 0-0: Ball
1-0: Ball
2-0: Ball
3-0: Called Strike
3-1: Foul Ball, location: 2F
3-2: Foul Ball, location: 2F
3-2: Fly out, F4 (Popup, 34, EV 65.6 MPH)
Top of the 6th over - 0 runs, 1 hit, 0 errors, 1 left on base; Rice University 8 - University of North Carolina at Chapel Hill 0
BOTTOM OF THE 6TH
University of North Carolina at Chapel Hill Tar Heels batting - Pitching for Rice University Owls : RHP Cahya Sumual
Batting: RHB Michael Houseman 0-0: Ball
1-0: Swinging Strike
1-1: Foul Ball, location: 2F
1-2: Ground out 6-3 (Groundball, 6, EV 85.6 MPH)
Batting: SHB Ryan Marsh 0-0: SINGLE (Line Drive, 9S, EV 103.8 MPH)
Batting: RHB Bill Atley 0-0: Ball
1-0: Called Strike
1-1: Ball
2-1: Called Strike
2-2: Strikes out swinging
Batting: RHB Jeremy Rollins 0-0: Ball
1-0: Ball
2-0: Foul Ball, location: 2F
2-1: Swinging Strike
2-2: Strikes out looking
Bottom of the 6th over - 0 runs, 1 hit, 0 errors, 1 left on base; Rice University 8 - University of North Carolina at Chapel Hill 0
TOP OF THE 7TH
Rice University Owls batting - Pitching for University of North Carolina at Chapel Hill Tar Heels : RHP Berry Dow
Batting: RHB Javier Quinones 0-0: Swinging Strike
0-1: Ground out 6-3 (Groundball, 6, EV 91.2 MPH)
Batting: RHB Bill Turcotte 0-0: Ball
1-0: Swinging Strike
1-1: Called Strike
1-2: Ground out 4-3 (Groundball, 4, EV 78.8 MPH)
Batting: RHB Allen Jarvis 0-0: Called Strike
0-1: Ball
1-1: Called Strike
1-2: Foul Ball, location: 2F
1-2: Ball
2-2: Foul Ball, location: 2F
2-2: Foul Ball, location: 2F
2-2: Ball
3-2: SOLO HOME RUN (Flyball, 7D, EV 96.2 MPH), Distance : 393 ft
Batting: RHB Emanuel Pulido 0-0: Ball
1-0: Called Strike
1-1: Ball
2-1: Foul Ball, location: 2F
2-2: Strikes out swinging
Top of the 7th over - 1 run, 1 hit, 0 errors, 0 left on base; Rice University 9 - University of North Carolina at Chapel Hill 0
BOTTOM OF THE 7TH
University of North Carolina at Chapel Hill Tar Heels batting - Pitching for Rice University Owls : RHP Cahya Sumual
Batting: SHB Jim Saxon 0-0: Ball
1-0: Foul Ball, location: 2F
1-1: Ball
2-1: Ball
3-1: Fly out, F7 (Flyball, 7S, EV 85.0 MPH)
Batting: SHB Jonathan Barrie 0-0: Ball
1-0: Swinging Strike
1-1: Ball
2-1: Ball
3-1: Base on Balls
Pitching: RHP Bill Lightheart
Batting: RHB Tony Jennings 0-0: Fielders Choice at 2nd, 6-4 (Groundball, 6, EV 86.9 MPH)
Batting: RHB Brandon Wilson 0-0: Foul Ball, location: 2F
0-1: Ground out 4-3 (Groundball, 4, EV 105.6 MPH)
Bottom of the 7th over - 0 runs, 0 hits, 0 errors, 1 left on base; Rice University 9 - University of North Carolina at Chapel Hill 0
TOP OF THE 8TH
Rice University Owls batting - Pitching for University of North Carolina at Chapel Hill Tar Heels : RHP Berry Dow
Pitching: RHP Vince Sumpter
Batting: RHB Caleb Mercer 0-0: Ball
1-0: Swinging Strike
1-1: Ground out 5-3 (Groundball, 56D, EV 105.0 MPH)
Batting: SHB Wendel van Baal 0-0: Fly out, F9 (Flyball, 9LM, EV 92.5 MPH)
Batting: RHB Jose Soto 0-0: Called Strike
0-1: Ball
1-1: Ball
2-1: Ball
3-1: Foul Ball, location: 2F
3-2: Fly out, F8 (Flyball, 8LD, EV 88.8 MPH)
Top of the 8th over - 0 runs, 0 hits, 0 errors, 0 left on base; Rice University 9 - University of North Carolina at Chapel Hill 0
BOTTOM OF THE 8TH
University of North Carolina at Chapel Hill Tar Heels batting - Pitching for Rice University Owls : RHP Bill Lightheart
Batting: LHB Juan Alvarado 0-0: Ball
1-0: Foul Ball, location: 2F
1-1: Called Strike
1-2: Foul Ball, location: 2F
1-2: Ball
2-2: Ball
3-2: Base on Balls
Batting: RHB Michael Houseman 0-0: Swinging Strike
0-1: Foul Ball, location: 2F
0-2: Foul Ball, location: 2F
0-2: Strikes out looking
Pitching: LHP Joe Fleury
Batting: SHB Ryan Marsh 0-0: Called Strike
0-1: Ball
1-1: Ball
2-1: SINGLE (Line Drive, 8LS, EV 101.9 MPH)
Juan Alvarado to second
Batting: RHB Bill Atley 0-0: Swinging Strike
0-1: Ball
1-1: Ball
2-1: Fly out, F8 (Flyball, 78M, EV 82.5 MPH)
Batting: RHB Jeremy Rollins 0-0: Ball
1-0: Ball
2-0: Called Strike
2-1: Foul Ball, location: 2F
2-2: Ball
3-2: Base on Balls
Juan Alvarado to third
Ryan Marsh to second
Batting: SHB Jim Saxon 0-0: Called Strike
0-1: Ball
1-1: Foul Ball, location: 2F
1-2: Foul Ball, location: 2F
1-2: Ball
2-2: Foul Ball, location: 2F
2-2: Ball
3-2: Fly out, F7 (Line Drive, 7D, EV 105.6 MPH)
Bottom of the 8th over - 0 runs, 1 hit, 0 errors, 3 left on base; Rice University 9 - University of North Carolina at Chapel Hill 0
TOP OF THE 9TH
Rice University Owls batting - Pitching for University of North Carolina at Chapel Hill Tar Heels : RHP Vince Sumpter
Batting: SHB Ken Wilson 0-0: Ball
1-0: Called Strike
1-1: Swinging Strike
1-2: Foul Ball, location: 2F
1-2: Ball
2-2: Foul Ball, location: 2F
2-2: Ball
3-2: Foul Ball, location: 2F
3-2: Strikes out swinging
Pitching: RHP Ted Hurley
Batting: SHB Dave Van Sickle 0-0: Foul Ball, location: 2F
0-1: Foul Ball, location: 2F
0-2: Foul Ball, location: 2F
0-2: Ball
1-2: Ball
2-2: SINGLE (Flyball, 4D, EV 90.0 MPH)
Batting: RHB Javier Quinones 0-0: Ball
1-0: Reached on error, E6 (Groundball, 6, EV 83.8 MPH)
Dave Van Sickle to second
Batting: RHB Bill Turcotte 0-0: Ball
1-0: Ball
2-0: Called Strike
2-1: Foul Ball, location: 2F
2-2: Ball
3-2: Base on Balls
Dave Van Sickle to third
Javier Quinones to second
Batting: RHB Allen Jarvis 0-0: Ball
1-0: Foul Ball, location: 2F
1-1: Ball
2-1: Foul Ball, location: 2F
2-2: Foul Ball, location: 2F
2-2: Ball
3-2: GRAND SLAM HOME RUN (Line Drive, 78XD, EV 114.4 MPH), Distance : 438 ft
Pitching: RHP Jason Kaelber
Batting: RHB Emanuel Pulido 0-0: Ball
1-0: Ball
2-0: Foul Ball, location: 2F
2-1: Fly out, F8 (Flyball, 78M, EV 97.5 MPH)
Batting: RHB Caleb Mercer 0-0: Ball
1-0: Swinging Strike
1-1: Foul Ball, location: 2F
1-2: Strikes out looking
Top of the 9th over - 4 runs, 2 hits, 1 error, 0 left on base; Rice University 13 - University of North Carolina at Chapel Hill 0
BOTTOM OF THE 9TH
University of North Carolina at Chapel Hill Tar Heels batting - Pitching for Rice University Owls : LHP Joe Fleury
Batting: SHB Jonathan Barrie 0-0: Ball
1-0: Ball
2-0: Ball
3-0: Called Strike
3-1: Base on Balls
Pitching: RHP Nate Gulley
Batting: RHB Tony Jennings 0-0: Called Strike
0-1: Swinging Strike
0-2: Ball
1-2: Ball
2-2: Ball
3-2: Fly out, F8 (Flyball, 8RM, EV 91.2 MPH)
Batting: RHB Brandon Wilson 0-0: Called Strike
0-1: Ball
1-1: Ball
2-1: Foul Ball, location: 2F
2-2: Strikes out swinging
Batting: LHB Juan Alvarado 0-0: Ball
1-0: Fly out, F7 (Flyball, 78M, EV 78.1 MPH)
Bottom of the 9th over - 0 runs, 0 hits, 0 errors, 1 left on base; Rice University 13 - University of North Carolina at Chapel Hill 0
Tuesday, March 28th , 2023 - OOTP Baseball 23.10 Build 110